 Dungeon Sprint DCSS version 0.24.0-123-gd5b16e6ec5 (webtiles) character file.

Game seed: 18408338151067346286, levelgen mode: deterministic

277121 Groucho the Ninja (level 12, 38/64 HPs)
             Began as a Felid Berserker on Jan 8, 2020.
             Was a Priest of Trog.
             Escaped with the Orb!
             The game lasted 00:16:07 (4055 turns).

Groucho the Ninja (Felid Berserker)                 Turns: 4055, Time: 00:16:08

Health: 38/64      AC:  3    Str: 13    XL:     12   Next: 69%
Magic:  11/11      EV: 35    Int: 10    God:    Trog [***...]
Gold:   536        SH:  0    Dex: 19    Spells: 11/11 levels left
                                        Lives:  2   Deaths: 0

rFire    + . .     SeeInvis +     - Unarmed
rCold    + . .     Gourm    .   (shield unavailable)
rNeg     . . .     Faith    .   (armour unavailable)
rPois    .         Spirit   .   (helmet unavailable)
rElec    .         Reflect  .   (cloak unavailable)
rCorr    .         Harm     .   (gloves unavailable)
MR       +....     NoTele   +   (boots unavailable)
Stlth    ++++......             (no amulet)
HPRegen  0.20/turn              p - ring of protection from fire
MPRegen  0.12/turn              r - +6 ring of slaying

@: quick
A: very small, no armour, no weapons or thrown items, stealth, claws 1, fangs 3,
see invisible, carnivore, speed 1, low mp 1, shaggy fur 3, slow metabolism 1,
sharp paws
0: Orb of Zot
a: Berserk, Trog's Hand, Renounce Religion


You escaped.
You worshipped Trog.
Trog was most pleased with you.
You were not hungry.

You visited 1 branch You collected 3033 gold pieces.
You spent 2497 gold pieces at shops.

Inventory:

Jewellery
 p - a ring of protection from fire (left paw)
 r - a +6 ring of slaying (right paw)
Wands
 h - a wand of flame (10)
 j - a wand of random effects (5)
 m - a wand of digging (10)
 s - a wand of acid (8)
Scrolls
 g - a scroll of enchant weapon {unknown}
 i - 4 scrolls of identify
 k - a scroll of vulnerability {unknown}
 o - 2 scrolls of amnesia {unknown}
 q - 3 scrolls of enchant armour {unknown}
Potions
 a - a potion of lignification {unknown}
 c - a potion of heal wounds
 e - 2 potions of magic
 f - a potion of berserk rage
 l - 4 potions of curing
 t - a potion of brilliance {unknown}
Comestibles
 n - 9 rations


   Skills:
 + Level 14.6 Fighting
 + Level 18.2 Dodging
 O Level 27 Stealth
 + Level 14.5 Unarmed Combat


You had 11 spell levels left.
You didn't know any spells.
Your spell library was empty.

Dungeon Overview and Level Annotations

Branches:
Dungeon (1/1)

Altars:
Cheibriados
Dithmenos
Elyvilon
Fedhas
Gozag
Hepliaklqana
Kikubaaqudgha
Makhleb
Nemelex Xobeh
Okawaru
Qazlal
Ru
Sif Muna
Trog
Uskayaw
Vehumet
Wu Jian
Xom
Yredelemnul
Zin
The Shining One
Jiyva
Lugonu

Shops:
D ?%[?}(**%(**:**=***[:*

Annotations:
D Tiamat


Innate Abilities, Weirdness & Mutations

You cannot wear armour.
You are incapable of wielding weapons or throwing items.
Your paws allow you to move quietly. (Stealth)
You have sharp claws.
You have razor-sharp teeth.
You have supernaturally acute eyesight. (SInv)
You are carnivorous and can eat meat at any time.
You cover ground quickly.
Your thick and shaggy fur keeps you warm. (AC +3, rC+)
You have a slow metabolism.
Your sharp claws are effective at attacking unaware monsters.
Your magical capacity is low. (-10% MP)


Message History

Unknown command.
You fail to use your ability.
The small abomination hits your ogre!!
Your ogre hits Zolydd with a +0 giant club.
Zolydd hits your ogre!!!
Your ogre dies!
Your ogre's corpse disappears in a puff of smoke!
Your ogre hits the small abomination with a +0 giant spiked club!!
The small abomination is destroyed!
Trog accepts your kill.
Your two-headed ogre goes berserk!
You feel quite a bit more hungry.
You can no longer call in reinforcements.
Your ogre closely misses Zolydd.
Unknown command.
Unknown command.
Zolydd hits you!!
Your two-headed ogre misses Zolydd.
Your two-headed ogre hits Zolydd but does no damage.
Zolydd completely misses you.
Your ogre hits Zolydd but does no damage.
You have escaped!

##################
#@.#.['..#.)'..#__
#&O'..#.)'..#..'..
#)O#####+#####'#__
#..####..#...#.###
#..#__####..##)#§§
#..#_____##'#_§§§§
#⌠⌠#_.∩...'..._#≈§
#..._..__##_.#'##'
#..#_____###'#:#..


You could see Zolydd, a friendly two-headed ogre (berserk) and a friendly ogre
(berserk).

Vanquished Creatures
  A golden dragon (D)
  3 fire giants (D)
  A lorocyproca (D)
  A hydra (D)
  2 centaur warriors (D)
  Sonja (D)
  7 unseen horrors (D)
  A deep troll (D)
  A lindwurm (D)
  3 shining eyes (D)
  An oklob plant (D)
  2 demonic crawlers (D)
  A red devil (D)
  A meliai (D)
  A slime creature (D)
  A hornet (D)
  Sigmund (D)
  2 redbacks (D)
  13 hogs (D)
  A yak (D)
  2 floating eyes (D)
  7 necrophages (D)
  An ogre (D)
  8 jellies (D)
  Ijyb (D)
64 creatures vanquished.

Vanquished Creatures (collateral kills)
  A shadow dragon (D)
  A fire giant (D)
  A daeva (D)
  5 shining eyes (D)
  2 demonic crawlers (D)
  2 kobold demonologists (D)
  A small abomination (D)
  5 floating eyes (D)
  A ballistomycete spore (D)
19 creatures vanquished.

Vanquished Creatures (others)
  A gargoyle (D)
  A ballistomycete spore (D)
2 creatures vanquished.

Grand Total: 85 creatures vanquished

Notes
Turn   | Place    | Note
-------+----------+-------------------------------------------
     0 | D        | Groucho the Felid Berserker began the quest for the Orb.
     0 | D        | Reached XP level 1. HP: 10/10 MP: 2/2
     2 | D        | Noticed Ijyb
     9 | D        | Killed Ijyb
     9 | D        | Reached skill level 8 in Stealth
     9 | D        | Reached XP level 2. HP: 14/14 MP: 3/3
   265 | D        | Noticed an ogre
   267 | D        | Killed an ogre
   267 | D        | Reached skill level 12 in Stealth
   267 | D        | Reached XP level 3. HP: 17/17 MP: 4/4
   267 | D        | Reached XP level 4. HP: 21/21 MP: 5/5
   282 | D        | Noticed Sigmund
   284 | D        | Killed Sigmund
   284 | D        | Reached ** piety under Trog
   284 | D        | Reached skill level 16 in Stealth
   284 | D        | Reached XP level 5. HP: 24/24 MP: 6/6
   284 | D        | Gained mutation: You are covered in thick fur. (AC +2)
                  | [Felid growth]
   284 | D        | Reached XP level 6. HP: 28/28 MP: 7/7
   296 | D        | Found a shimmering blue altar of Sif Muna.
   297 | D        | Found an ornate altar of the Wu Jian Council.
   298 | D        | Found a radiant altar of Vehumet.
   361 | D        | Killed a gargoyle
   590 | D        | Found Aqafytoc's Magic Scroll Emporium.
   590 | D        | Found an ancient bone altar of Kikubaaqudgha.
   590 | D        | Found a hazy altar of Hepliaklqana.
   590 | D        | Found a stormy altar of Qazlal.
   590 | D        | Found a hide-covered altar of Uskayaw.
   590 | D        | Found a blossoming altar of Fedhas.
   590 | D        | Found a bloodstained altar of Trog.
   590 | D        | Found an iron altar of Okawaru.
   590 | D        | Found a basalt altar of Yredelemnul.
   590 | D        | Found a glowing golden altar of the Shining One.
   590 | D        | Found a snail-covered altar of Cheibriados.
   590 | D        | Found a sacrificial altar of Ru.
   590 | D        | Found a glowing silver altar of Zin.
   590 | D        | Found a shadowy altar of Dithmenos.
   590 | D        | Found a white marble altar of Elyvilon.
   590 | D        | Noticed a yak
   591 | D        | Found an opulent altar of Gozag.
   592 | D        | Killed a yak
   592 | D        | Reached skill level 5 in Dodging
   592 | D        | Reached skill level 17 in Stealth
   593 | D        | Found a sparkling altar of Nemelex Xobeh.
   597 | D        | Bought a scroll of identify for 20 gold pieces
   615 | D        | Noticed a centaur warrior
   615 | D        | Noticed a centaur warrior
   616 | D        | Killed a centaur warrior
   616 | D        | Reached *** piety under Trog
   616 | D        | Reached skill level 19 in Stealth
   616 | D        | Reached XP level 7. HP: 35/35 MP: 8/8
   616 | D        | Reached XP level 8. HP: 39/39 MP: 9/9
   617 | D        | Killed a centaur warrior
   617 | D        | Reached skill level 20 in Stealth
   628 | D        | Noticed a hornet
   631 | D        | Killed a hornet
   631 | D        | Reached skill level 10 in Dodging
   644 | D        | Noticed an oklob plant
   646 | D        | Killed an oklob plant
   646 | D        | Reached XP level 9. HP: 44/44 MP: 10/10
   653 | D        | Reached **** piety under Trog
   662 | D        | Reached skill level 21 in Stealth
   720 | D        | Noticed an unseen horror
   720 | D        | Noticed an unseen horror
   723 | D        | Killed an unseen horror
   725 | D        | Killed an unseen horror
   730 | D        | Reached ***** piety under Trog
   730 | D        | Reached skill level 22 in Stealth
   743 | D        | Reached XP level 10. HP: 49/49 MP: 11/11
   850 | D        | Reached ****** piety under Trog
   872 | D        | Reached skill level 10 in Fighting
   872 | D        | Reached skill level 10 in Unarmed Combat
   883 | D        | Found Nythohis's Assorted Antiques.
   883 | D        | Found Azidwargh's Assorted Antiques.
   883 | D        | Found Bohutah's Food Boutique.
   885 | D        | Found Ikorochoh's Weapon Emporium.
   885 | D        | Found Zebbau's General Store.
   885 | D        | Found Yguc's General Store.
   885 | D        | Found Tazadoz's Book Boutique.
   885 | D        | Found Uniul's Assorted Antiques.
   885 | D        | Found Utoujic's Assorted Antiques.
   885 | D        | Found Zioch's Jewellery Shoppe.
   887 | D        | Bought a ration for 55 gold pieces
   887 | D        | Bought a ration for 55 gold pieces
   892 | D        | Found Fiugerha's General Store.
   893 | D        | Found Nichaergh's Assorted Antiques.
   893 | D        | Found Tesuegi's General Store.
   894 | D        | Found Xuhodecoce's Book Emporium.
   911 | D        | Bought a potion of flight for 33 gold pieces
   955 | D        | Found a burning altar of Makhleb.
   955 | D        | Found a viscous altar of Jiyva.
   955 | D        | Found a shimmering altar of Xom.
   955 | D        | Found a corrupted altar of Lugonu.
  1329 | D        | Noticed a rust devil
  1586 | D        | Noticed a deep troll
  1588 | D        | Killed a deep troll
  1594 | D        | Noticed Sonja
  1597 | D        | Killed Sonja
  1597 | D        | Reached skill level 23 in Stealth
  1619 | D        | Found Aseassus's Armour Emporium.
  1641 | D        | Found Xixzuphe's Magic Scroll Boutique.
  1778 | D        | Noticed a shining eye
  1778 | D        | Noticed a shining eye
  1778 | D        | Noticed a shining eye
  1778 | D        | Noticed a shining eye
  1778 | D        | Noticed a shining eye
  1778 | D        | Noticed a shining eye
  1782 | D        | Killed a shining eye
  1783 | D        | Killed a shining eye
  1784 | D        | Noticed a shining eye
  1784 | D        | Noticed a shining eye
  1784 | D        | Killed a shining eye
  1785 | D        | Killed a shining eye
  1786 | D        | Killed a shining eye
  1787 | D        | Paralysed by a floating eye for 3 turns
  1790 | D        | Killed a shining eye
  1793 | D        | Gained mutation: Your magical capacity is low. (-10% MP) [a
                  | shining eye]
  1794 | D        | Killed a shining eye
  1794 | D        | Reached skill level 24 in Stealth
  1794 | D        | Reached XP level 11. HP: 50/50 MP: 10/10
  1801 | D        | Killed a shining eye
  1906 | D        | Found Omyhoh's Gadget Shop.
  1906 | D        | Found Xidue's Food Shoppe.
  1906 | D        | Found Fune's Antique Weapon Boutique.
  1906 | D        | Found Zash's Armour Emporium.
  1914 | D        | Bought a wand of digging (7) for 286 gold pieces
  1945 | D        | Bought a ration for 50 gold pieces
  1945 | D        | Bought a ration for 50 gold pieces
  1945 | D        | Bought a ration for 50 gold pieces
  1945 | D        | Bought a ration for 50 gold pieces
  1945 | D        | Bought a ration for 50 gold pieces
  1996 | D        | Bought an uncursed ring of protection from fire for 250
                  | gold pieces
  2389 | D        | Noticed a lindwurm
  2392 | D        | Killed a lindwurm
  2439 | D        | Reached skill level 15 in Dodging
  2441 | D        | Reached skill level 25 in Stealth
  2573 | D        | Noticed a 12-headed hydra
  2575 | D        | Killed a 12-headed hydra
  2644 | D        | Noticed a shadow dragon
  2644 | D        | Noticed a golden dragon
  2754 | D        | Killed a shadow dragon
  2755 | D        | Killed a golden dragon
  2755 | D        | Reached skill level 26 in Stealth
  2824 | D        | Found Ruronko's General Store.
  2842 | D        | Bought a ration for 55 gold pieces
  2842 | D        | Bought a ration for 55 gold pieces
  2921 | D        | Bought a +6 ring of slaying for 1438 gold pieces
  3228 | D        | Noticed a daeva
  3232 | D        | Noticed an unseen horror
  3232 | D        | Noticed an unseen horror
  3232 | D        | Noticed an unseen horror
  3232 | D        | Noticed an unseen horror
  3234 | D        | Killed an unseen horror
  3235 | D        | Noticed an unseen horror
  3236 | D        | Killed an unseen horror
  3236 | D        | Gained mutation: Your thick and shaggy fur keeps you warm.
                  | (AC +3, rC+) [Felid growth]
  3236 | D        | Reached XP level 12. HP: 58/58 MP: 11/11
  3257 | D        | Killed a daeva
  3512 | D        | Noticed a lorocyproca
  3524 | D        | Killed a lorocyproca
  3589 | D        | Noticed a fire giant
  3600 | D        | Killed a fire giant
  3608 | D        | Noticed a fire giant
  3609 | D        | Noticed a fire giant
  3611 | D        | Noticed a fire giant
  3624 | D        | Killed a fire giant
  3624 | D        | Reached skill level 27 in Stealth
  3632 | D        | Killed a fire giant
  3636 | D        | Killed a fire giant
  3904 | D        | Identified the +4 dragonskin cloak
  3904 | D        | Noticed Tiamat
  3936 | D        | Got the Orb of Zot
  4050 | D        | Noticed Zolydd the pandemonium lord
  4055 | D        | Escaped with the Orb!

Levels and vault maps discovered:
D:        dungeon_sprint_1 [red_sonja_temple_1, red_sonja_temple_small_1]

Skill      XL: |  1  2  3  4  5  6  7  8  9 10 11 12 |
---------------+-------------------------------------+-----
Stealth        | 8 12 16 19 20 22 24 26 27 | 27.0
Fighting       | 6 8 9 11 13 14 | 14.6
Dodging        | 8 10 12 14 16 18 | 18.2
Unarmed Combat | 6 8 9 11 13 14 | 14.5

Action                   |  1- 3 |  4- 6 |  7- 9 | 10-12 || total
-------------------------+-------+-------+-------+-------++-------
Melee: Unarmed           |     6 |     5 |    17 |   147 ||   175
       Bite              |       |       |     1 |    22 ||    23
       Punch             |       |       |       |     7 ||     7
Invok: Berserk           |     1 |     1 |     2 |     4 ||     8
       Trog's Hand       |       |       |     2 |     6 ||     8
       Brothers in Arms  |       |       |       |    20 ||    20
Evoke: Wand              |       |       |       |     7 ||     7
  Use: Scroll            |       |     1 |       |       ||     1
       Potion            |       |       |     1 |     3 ||     4
 Stab: Sleeping          |     1 |     3 |     8 |    15 ||    27
       Distracted        |       |       |       |     2 ||     2
  Eat: Ration            |       |       |     1 |     4 ||     5
       Chunk             |       |       |       |    14 ||    14
Armor: Skin              |       |       |       |     2 ||     2
Dodge: Dodged            |     4 |     1 |    12 |   113 ||   130
